Map: Taito Citadel LE

Players

Brad - Winner!

  • Race: Zerg Zerg
  • League: Diamond
  • Spawn Location: 5:00

anime

  • Race: Terran Terran
  • League: Platinum
  • Spawn Location: 11:00

VOD

Have the link to the VOD?

Description

Time

  • Played on: May 18, 2026, 10:54 a.m.
  • Length: 10:57
Show
View Real Time Build Order
Export as new Build Order

Brad Zerg - Winner!

Build Orders: Pool First, Roach Hydra 

Get SALT Encoding   

  12  0:03  Drone  
  13  0:16  Overlord  
  13  0:17  Drone  
  14  0:36  Drone  
  14  0:37  Drone  
  14  0:42  Drone  
  17  0:46  Spawning Pool  
  16  0:50  Drone  
  17  1:13  Hatchery  
  17  1:15  Drone  
  17  1:18  Extractor  
  16  1:19  Drone  
  16  1:24  Drone  
  18  1:33  Zergling x2  
  19  1:41  Queen  
  19  1:43  Drone  
  22  1:55  Overlord  
  22  2:16  Queen  
  25  2:22  Drone  
  25  2:24  Drone  
  26  2:32  Drone  
  26  2:35  Drone, Metabolic Boost  
  28  2:58  Roach Warren  
  28  3:00  Overlord  
  28  3:05  Overlord  
  27  3:07  Drone  
  27  3:08  Drone  
  27  3:09  Overlord, Drone  
  27  3:10  Drone x2  
  32  3:19  Overlord  
  32  3:25  Drone  
  33  3:28  Drone x2  
  33  3:29  Drone  
  36  3:42  Roach  
  36  3:43  Roach x2  
  36  3:44  Roach, Overlord, Drone  
  45  3:50  Drone x2  
  47  3:57  Drone  
  48  4:03  Spore Crawler  
  48  4:05  Spore Crawler  
  48  4:08  Ravager x2  
  48  4:11  Hatchery, Drone x3  
  48  4:13  Extractor  
  49  4:17  Drone  
  49  4:18  Drone  
  49  4:24  Drone x3  
  52  4:25  Drone  
  55  4:39  Queen  
  55  4:42  Evolution Chamber  
  55  4:44  Extractor  
  55  4:49  Roach  
  55  4:50  Ravager  
  55  4:51  Evolution Chamber  
  57  4:54  Roach  
  57  4:55  Overlord, Drone  
  57  4:56  Drone x3  
  63  5:05  Roach  
  64  5:10  Extractor  
  63  5:16  Drone  
  63  5:19  Overlord  
  64  5:23  Zerg Ground Armor Level 1  
  64  5:26  Drone  
  64  5:27  Drone  
  66  5:28  Queen  
  66  5:31  Drone x3  
  66  5:35  Lair  
  71  5:39  Drone x2  
  71  5:40  Drone  
  74  5:44  Spore Crawler  
  74  5:48  Drone  
  74  5:52  Overlord  
  74  5:59  Drone x3  
  74  6:00  Drone x3  
  80  6:09  Drone x2  
  80  6:11  Overlord  
  79  6:22  Ravager x2  
  79  6:23  Drone x3  
  84  6:28  Zerg Missile Weapons Level 1  
  84  6:35  Glial Reconstitution  
  84  6:36  Overlord  
  84  6:37  Drone x3  
  84  6:39  Overlord  
  87  6:50  Roach x5  
  92  6:58  Pneumatized Carapace  
  92  7:00  Overlord  
  89  7:03  Extractor  
  89  7:06  Spine Crawler, Extractor  
  86  7:09  Spine Crawler  
  85  7:15  Drone  
  85  7:16  Drone, Spire, Spore Crawler  
  85  7:17  Spore Crawler  
  85  7:18  Overlord  
  85  7:21  Overlord  
  85  7:22  Hatchery  
  78  7:23  Overlord  
  78  7:25  Zerg Ground Armor Level 2  
  78  7:27  Queen  
  78  7:28  Overlord  
  77  7:40  Overlord x2  
  77  7:43  Drone  
  78  7:49  Overlord  
  78  7:51  Roach x5  
  80  7:52  Roach x3  
  80  7:54  Drone  
  80  7:56  Drone  
  96  8:04  Infestation Pit  
  96  8:05  Hydralisk Den  
  94  8:06  Drone  
  94  8:07  Drone x2, Spine Crawler  
  96  8:13  Drone  
  96  8:14  Drone x3  
  96  8:19  Overlord  
  100  8:26  Overlord  
  100  8:27  Tunneling Claws  
  100  8:35  Overlord  
  100  8:36  Grooved Spines  
  100  8:39  Zerg Missile Weapons Level 2  
  100  8:40  Overseer  
  102  8:41  Hydralisk, Roach  
  102  8:42  Roach  
  102  8:43  Roach x2  
  110  8:52  Overlord  
  110  8:53  Hive  
  110  8:56  Roach x3, Overlord  
  116  9:03  Drone  
  116  9:04  Drone x6  
  123  9:10  Extractor  
  123  9:16  Roach  
  124  9:18  Hydralisk x3, Roach x2  
  124  9:24  Ravager x4  
  135  9:26  Muscular Augments  
  138  9:35  Queen  
  140  9:41  Hydralisk  
  140  9:42  Hydralisk x5  
  152  9:46  Extractor  
  152  9:49  Overlord  
  152  9:51  Roach x3  
  157  10:02  Roach x3, Hydralisk  
  165  10:07  Lurker Den  
  165  10:09  Roach x3  
  170  10:24  Hydralisk, Roach  
Show
View Real Time Build Order
Export as new Build Order

anime Terran 

Build Orders: 2 Factory, Command Center First, Mech 

Get SALT Encoding   

  12  0:00  SCV  
  13  0:12  SCV  
  14  0:17  Supply Depot  
  14  0:24  SCV  
  15  0:39  SCV  
  16  0:51  SCV  
  17  1:00  Command Center  
  17  1:04  SCV  
  18  1:07  Refinery  
  18  1:16  SCV  
  19  1:27  Barracks  
  19  1:28  SCV  
  19  1:30  Refinery  
  20  1:40  SCV  
  20  1:44  Supply Depot  
  21  1:52  SCV  
  22  2:04  SCV  
  23  2:16  Orbital Command  
  23  2:19  Orbital Command  
  23  2:27  Factory  
  23  2:35  Factory  
  23  2:43  SCV  
  24  2:47  SCV  
  25  2:55  SCV  
  25  2:56  Factory  
  26  2:59  SCV  
  27  3:07  SCV  
  27  3:11  SCV  
  27  3:12  Hellion  
  31  3:14  Starport  
  31  3:19  SCV, Hellion  
  34  3:24  Supply Depot  
  34  3:31  SCV x2  
  34  3:33  Hellion  
  38  3:42  Hellion, Supply Depot  
  38  3:43  SCV  
  38  3:46  Hellion  
  43  3:50  Medivac  
  45  3:58  Armory  
  45  4:01  SCV  
  47  4:02  SCV  
  47  4:06  Hellion  
  49  4:12  Supply Depot  
  49  4:13  SCV  
  50  4:17  Hellion  
  50  4:18  Orbital Command  
  50  4:22  Supply Depot  
  53  4:29  Hellion  
  53  4:30  Factory Tech Lab  
  54  4:38  SCV  
  55  4:39  Hellion  
  57  4:48  Supply Depot  
  57  4:49  Siege Tank  
  57  4:50  SCV, Hellion  
  63  5:00  Hellion  
  57  5:16  Factory Tech Lab, SCV  
  57  5:17  SCV  
  57  5:21  Infernal Pre-Igniter  
  57  5:29  SCV x2  
  57  5:32  Command Center  
  57  5:35  Factory Tech Lab  
  59  5:37  Siege Tank  
  59  5:41  SCV  
  63  5:44  SCV  
  63  5:45  Refinery  
  64  5:59  Siege Tank  
  62  6:08  Siege Tank  
  64  6:25  Command Center  
  64  6:45  Thor  
  68  6:53  Hellion x2  
  66  7:03  Orbital Command x2  
  66  7:14  Hellbat  
  68  7:18  Orbital Command  
  68  7:22  SCV  
  69  7:26  Thor  
  75  7:30  SCV  
  75  7:34  SCV  
  77  7:39  Hellbat  
  77  7:42  SCV  
  77  7:43  SCV  
  81  7:45  SCV  
  81  7:46  SCV  
  83  7:54  Engineering Bay  
  83  7:55  Supply Depot  
  83  7:59  Terran Vehicle Weapons Level 1  
  83  8:00  SCV x2  
  85  8:07  SCV x2, Refinery  
  85  8:12  SCV  
  88  8:14  SCV  
  88  8:16  Supply Depot  
  89  8:20  Missile Turret  
  89  8:27  Missile Turret  
  89  8:28  Missile Turret  
  89  8:29  Missile Turret x2  
  89  8:30  Missile Turret  
  89  8:34  Missile Turret  
  89  8:35  SCV  
  89  8:37  SCV  
  89  8:39  SCV  
  89  8:40  SCV  
  93  8:41  Starport Tech Lab  
  93  8:48  Thor  
  99  8:49  Hellbat  
  99  8:51  SCV x2  
  99  8:55  SCV  
  105  9:00  Thor  
  110  9:03  SCV  
  110  9:07  Factory  
  111  9:11  SCV x2  
  111  9:12  Factory  
  111  9:13  Refinery  
  111  9:15  SCV  
  111  9:17  Refinery  
  114  9:26  Hellbat  
  118  9:31  Hellbat  
  118  9:34  Supply Depot  
  118  9:42  SCV x3  
  118  9:43  Sensor Tower  
  118  9:44  Hellbat  
  123  9:48  Hellbat  
  123  9:49  Planetary Fortress  
  127  9:54  SCV x2  
  127  9:55  SCV, Thor  
  127  9:56  Supply Depot  
  127  9:58  Supply Depot  
  136  10:02  Raven, Hellion x2  
  136  10:05  Hellbat  
  138  10:07  Factory Tech Lab  
  138  10:08  Factory Tech Lab  
  138  10:09  Hellbat  
  138  10:10  Missile Turret, Factory Reactor  
  138  10:11  Missile Turret  
  140  10:14  Armory  
  140  10:21  Refinery  
  140  10:26  Hellbat  
  142  10:29  Hellbat  
  142  10:31  Hellbat  
  111  10:45  Refinery  
Tags
 
Add a new tag
Caveats
  • Supply blocks, unpowered buildings, or Contaminate may cause inaccurate times.
  • Supply counts are checked every 10 seconds.